[ AOE2 MATCH · #478563883 ]
UnrankedFranks vs Armenians
Player's team · LOSS
[ REPLAY ANALYSIS · EXTRACTED FROM THE RECORDED GAME ]
Feudal
13:44
Castle
17:20
Imperial
—
| APM avg | 44.9 |
| APM peak | 77 |
| eAPM avg | 26.8 |
| Villagers / military | 168 / 32 |
Focus
⚔️ 35.7% · 🌾 64.3%
Knight ×17 · Fishing Ship ×11 · Spearman ×10 · Scout Cavalry ×4 · Fire Galley ×1
Feudal
14:25
Castle
17:55
Imperial
—
| APM avg | 25.7 |
| APM peak | 66 |
| eAPM avg | 16.6 |
| Villagers / military | 88 / 66 |
Focus
⚔️ 34.2% · 🌾 65.8%
Knight ×43 · Spearman ×23 · Fishing Ship ×23
Feudal
13:18
Castle
17:42
Imperial
32:17
| APM avg | 33.5 |
| APM peak | 76 |
| eAPM avg | 20.4 |
| Villagers / military | 136 / 77 |
Focus
⚔️ 34.5% · 🌾 65.5%
Composite Bowman ×65 · Fishing Ship ×11 · Trebuchet (Packed) ×5 · Scorpion ×3 · Unknown (2626) ×3 · Mangonel ×2
Feudal
14:51
Castle
18:22
Imperial
32:08
| APM avg | 49.7 |
| APM peak | 119 |
| eAPM avg | 25.1 |
| Villagers / military | 127 / 61 |
Focus
⚔️ 36.9% · 🌾 63.1%
Unknown (2626) ×41 · Unknown (2550) ×38 · Kamayuk ×31 · Fishing Ship ×24 · Fire Galley ×16 · Trebuchet (Packed) ×6
Feudal
12:50
Castle
16:45
Imperial
33:09
| APM avg | 37.7 |
| APM peak | 78 |
| eAPM avg | 25.3 |
| Villagers / military | 151 / 166 |
Focus
⚔️ 42.3% · 🌾 57.7%
Militia ×76 · Spearman ×45 · Scorpion ×18 · Fishing Ship ×14 · Boyar ×10 · Mangonel ×7
Feudal
15:06
Castle
19:24
Imperial
32:52
| APM avg | 30.7 |
| APM peak | 63 |
| eAPM avg | 15.6 |
| Villagers / military | 111 / 83 |
Focus
⚔️ 41.1% · 🌾 58.9%
Cavalry Archer ×58 · Battering Ram ×22 · Fishing Ship ×8 · Trebuchet (Packed) ×3
Feudal
14:28
Castle
18:28
Imperial
35:59
| APM avg | 26.9 |
| APM peak | 47 |
| eAPM avg | 18.2 |
| Villagers / military | 126 / 72 |
Focus
⚔️ 32.9% · 🌾 67.1%
Knight ×52 · Unknown (2626) ×38 · Fishing Ship ×17 · Galley ×14 · Fire Galley ×5 · Monk ×1
Feudal
13:24
Castle
16:56
Imperial
30:25
| APM avg | 50.4 |
| APM peak | 84 |
| eAPM avg | 34.9 |
| Villagers / military | 117 / 157 |
Focus
⚔️ 25.5% · 🌾 74.5%
Ghulam ×94 · Camel Scout ×47 · Fishing Ship ×37 · Trebuchet (Packed) ×11 · Transport Ship ×5
Match map
Initial resources + every placement click. Lines = walls · curves = elevation contours. ◆ gold · ⬟ stone · ● berries · ✦ relic · ◌ wall gap
Your base· Open — 8t gap
QuatschmitSoße's base· Open — 4t gap
Chim Cu Đi Tắm's base· Open — 15t gap
ELEOS | Danielsiii's base· Open — 6t gap
murkbey's base· Open — 8t gap
Gutless bandits's base· Open — unwalled flank
OS | dreamerion92's base· Open — 6t gap
Dovecar's base· Open — 13t gap
Smoothed initial terrain · ◌ = detected wall gap · hover for details
Inputs per minute
— Vurbose - - QuatschmitSoße
Build order — Vurbose
First 150 of 341 actions detected
| 0:05 | Build | Town Center |
| 1:14 | Build | Dock |
| 2:28 | Create | Villager (Male) |
| 2:28 | Create | Villager (Male) |
| 2:54 | Create | Villager (Male) |
| 3:16 | Create | Villager (Male) |
| 3:22 | Build | House |
| 4:05 | Create | Fishing Ship |
| 4:07 | Create | Villager (Male) |
| 4:27 | Create | Villager (Male) |
| 4:42 | Build | House |
| 5:01 | Create | Villager (Male) |
| 5:42 | Create | Fishing Ship |
| 5:47 | Create | Villager (Male) |
| 5:59 | Create | Villager (Male) |
| 6:24 | Build | House |
| 6:33 | Create | Villager (Male) |
| 6:39 | Create | Fishing Ship |
| 6:57 | Build | House |
| 7:01 | Create | Villager (Male) |
| 7:08 | Build | House |
| 7:24 | Build | House |
| 7:34 | Create | Villager (Male) |
| 7:34 | Create | Villager (Male) |
| 7:37 | Create | Fishing Ship |
| 7:40 | Build | House |
| 8:03 | Create | Fishing Ship |
| 8:06 | Create | Villager (Male) |
| 8:22 | Create | Villager (Male) |
| 8:28 | Create | Fishing Ship |
| 8:30 | Build | Dock |
| 8:38 | Create | Villager (Male) |
| 9:00 | Build | House |
| 9:04 | Create | Fishing Ship |
| 9:16 | Create | Fishing Ship |
| 9:23 | Create | Villager (Male) |
| 9:23 | Create | Villager (Male) |
| 9:47 | Build | Lumber Camp |
| 9:53 | Create | Villager (Male) |
| 10:05 | Create | Fishing Ship |
| 10:35 | Create | Villager (Male) |
| 10:38 | Build | House |
| 10:39 | Create | Fishing Ship |
| 11:00 | Create | Villager (Male) |
| 11:05 | Research | Loom |
| 11:18 | Create | Fishing Ship |
| 11:34 | Research | Feudal Age |
| 11:44 | Build | Mining Camp |
| 12:01 | Build | House |
| 12:26 | Create | Villager (Male) |
| 12:29 | Build | Barracks |
| 13:16 | Create | Villager (Male) |
| 13:26 | Build | House |
| 13:44 | Age | Feudal Age |
| 13:50 | Build | Stable |
| 13:54 | Build | Blacksmith |
| 13:57 | Create | Villager (Male) |
| 14:40 | Research | Castle Age |
| 14:50 | Build | House |
| 14:53 | Create | Scout Cavalry |
| 15:17 | Create | Villager (Male) |
| 15:23 | Research | Double-Bit Axe |
| 15:29 | Build | House |
| 15:30 | Build | Palisade Wall |
| 15:30 | Build | Palisade Wall |
| 15:32 | Build | Palisade Wall |
| 15:37 | Create | Scout Cavalry |
| 15:54 | Build | Mill |
| 16:10 | Create | Villager (Male) |
| 16:25 | Create | Scout Cavalry |
| 16:41 | Build | House |
| 16:42 | Build | House |
| 16:43 | Build | Palisade Wall |
| 17:09 | Create | Scout Cavalry |
| 17:18 | Create | Villager (Male) |
| 17:20 | Age | Castle Age |
| 17:32 | Create | Knight |
| 17:35 | Build | Town Center |
| 17:38 | Build | Farm |
| 17:39 | Build | Farm |
| 17:39 | Build | Farm |
| 17:39 | Build | Farm |
| 17:50 | Build | Palisade Gate |
| 18:01 | Create | Villager (Male) |
| 18:01 | Create | Villager (Male) |
| 18:05 | Create | Knight |
| 18:12 | Build | Farm |
| 18:12 | Build | Farm |
| 18:12 | Build | Farm |
| 18:12 | Build | Farm |
| 18:13 | Build | Farm |
| 18:30 | Create | Villager (Male) |
| 18:30 | Create | Villager (Male) |
| 18:31 | Create | Villager (Male) |
| 18:36 | Build | Farm |
| 18:36 | Build | Farm |
| 18:36 | Build | Farm |
| 18:37 | Build | Farm |
| 18:52 | Create | Villager (Male) |
| 18:55 | Build | House |
| 19:14 | Create | Villager (Male) |
| 19:14 | Create | Villager (Male) |
| 19:24 | Create | Villager (Male) |
| 19:26 | Create | Knight |
| 19:27 | Build | Farm |
| 19:45 | Create | Villager (Male) |
| 19:46 | Create | Knight |
| 19:48 | Create | Villager (Male) |
| 19:48 | Create | Villager (Male) |
| 20:12 | Create | Villager (Male) |
| 20:12 | Create | Villager (Male) |
| 20:25 | Create | Knight |
| 20:28 | Build | Town Center |
| 20:30 | Create | Villager (Male) |
| 20:30 | Create | Villager (Male) |
| 20:30 | Create | Villager (Male) |
| 20:49 | Create | Knight |
| 20:51 | Build | Farm |
| 20:52 | Build | Farm |
| 20:55 | Create | Villager (Male) |
| 21:03 | Build | House |
| 21:11 | Create | Villager (Male) |
| 21:24 | Create | Villager (Male) |
| 21:25 | Create | Villager (Male) |
| 21:25 | Create | Villager (Male) |
| 21:25 | Create | Villager (Male) |
| 21:32 | Research | Bow Saw |
| 21:32 | Create | Villager (Male) |
| 21:33 | Create | Villager (Male) |
| 21:33 | Create | Villager (Male) |
| 21:35 | Build | Farm |
| 21:36 | Build | Farm |
| 21:42 | Build | House |
| 21:54 | Create | Villager (Male) |
| 21:59 | Create | Villager (Male) |
| 22:02 | Build | Farm |
| 22:04 | Build | House |
| 22:05 | Create | Knight |
| 22:11 | Create | Villager (Male) |
| 22:12 | Create | Villager (Male) |
| 22:14 | Build | Farm |
| 22:17 | Build | House |
| 22:17 | Build | House |
| 22:17 | Create | Villager (Male) |
| 22:42 | Create | Villager (Male) |
| 22:42 | Create | Villager (Male) |
| 22:43 | Create | Villager (Male) |
| 22:45 | Build | Farm |
| 22:46 | Build | Farm |
| 22:46 | Build | Farm |
Build order — QuatschmitSoße
First 150 of 296 actions detected
| 0:06 | Build | Town Center |
| 0:35 | Build | Dock |
| 0:37 | Build | House |
| 2:28 | Create | Villager (Male) |
| 2:28 | Create | Villager (Male) |
| 2:29 | Create | Villager (Male) |
| 2:30 | Create | Villager (Male) |
| 3:28 | Create | Fishing Ship |
| 3:37 | Create | Villager (Male) |
| 4:23 | Build | House |
| 4:28 | Create | Villager (Male) |
| 4:55 | Create | Villager (Male) |
| 5:06 | Build | Palisade Wall |
| 5:07 | Build | Palisade Wall |
| 5:07 | Build | Palisade Wall |
| 5:20 | Create | Villager (Male) |
| 5:37 | Create | Fishing Ship |
| 5:42 | Create | Villager (Male) |
| 6:06 | Build | House |
| 6:15 | Create | Villager (Male) |
| 6:15 | Create | Villager (Male) |
| 6:26 | Create | Fishing Ship |
| 6:30 | Research | Loom |
| 6:44 | Build | House |
| 6:53 | Build | House |
| 6:59 | Build | Palisade Wall |
| 7:09 | Create | Villager (Male) |
| 7:21 | Create | Villager (Male) |
| 7:23 | Create | Fishing Ship |
| 7:34 | Create | Villager (Male) |
| 7:38 | Build | House |
| 8:00 | Create | Villager (Male) |
| 8:04 | Create | Fishing Ship |
| 8:15 | Create | Villager (Male) |
| 8:24 | Build | House |
| 8:26 | Build | Palisade Wall |
| 8:26 | Build | Palisade Wall |
| 8:27 | Build | Palisade Wall |
| 8:27 | Build | Palisade Wall |
| 8:50 | Build | Dock |
| 8:53 | Create | Villager (Male) |
| 9:17 | Create | Villager (Male) |
| 9:22 | Build | Mining Camp |
| 9:28 | Build | Palisade Wall |
| 9:29 | Create | Villager (Male) |
| 9:46 | Create | Fishing Ship |
| 10:09 | Create | Villager (Male) |
| 10:10 | Create | Fishing Ship |
| 10:24 | Build | Palisade Wall |
| 10:31 | Create | Villager (Male) |
| 10:46 | Create | Fishing Ship |
| 11:04 | Create | Villager (Male) |
| 11:06 | Create | Fishing Ship |
| 11:22 | Create | Fishing Ship |
| 11:46 | Create | Villager (Male) |
| 12:08 | Build | Barracks |
| 12:12 | Build | Barracks |
| 12:15 | Research | Feudal Age |
| 12:25 | Build | House |
| 13:13 | Build | Palisade Wall |
| 13:21 | Create | Villager (Male) |
| 13:21 | Create | Villager (Male) |
| 13:29 | Build | Lumber Camp |
| 14:25 | Age | Feudal Age |
| 14:26 | Build | Stable |
| 14:29 | Build | Blacksmith |
| 15:01 | Create | Fishing Ship |
| 15:08 | Research | Double-Bit Axe |
| 15:15 | Research | Castle Age |
| 15:41 | Create | Fishing Ship |
| 15:43 | Create | Fishing Ship |
| 15:47 | Build | House |
| 15:52 | Build | House |
| 15:57 | Research | Scale Barding Armor |
| 16:18 | Research | Tech 906 |
| 16:34 | Build | House |
| 16:44 | Create | Villager (Male) |
| 17:08 | Build | Stable |
| 17:17 | Build | Palisade Wall |
| 17:20 | Create | Villager (Male) |
| 17:41 | Research | Gold Mining |
| 17:55 | Age | Castle Age |
| 18:00 | Create | Knight |
| 18:00 | Create | Knight |
| 18:07 | Research | Chain Barding Armor |
| 18:14 | Build | Town Center |
| 18:25 | Create | Villager (Male) |
| 18:32 | Create | Knight |
| 18:32 | Create | Knight |
| 18:39 | Build | House |
| 18:56 | Create | Knight |
| 18:56 | Create | Knight |
| 18:57 | Create | Villager (Male) |
| 19:03 | Build | Dock |
| 19:10 | Research | Forging |
| 19:13 | Create | Villager (Male) |
| 19:30 | Create | Knight |
| 19:32 | Create | Villager (Male) |
| 19:54 | Create | Villager (Male) |
| 19:56 | Create | Knight |
| 20:03 | Create | Villager (Male) |
| 20:03 | Create | Villager (Male) |
| 20:07 | Build | House |
| 20:26 | Create | Villager (Male) |
| 20:33 | Build | Town Center |
| 20:37 | Build | House |
| 20:38 | Build | House |
| 20:59 | Build | House |
| 21:01 | Build | House |
| 21:04 | Create | Knight |
| 21:08 | Create | Knight |
| 21:10 | Build | Palisade Wall |
| 21:12 | Build | Palisade Wall |
| 21:14 | Build | Palisade Wall |
| 21:22 | Build | Palisade Wall |
| 21:28 | Create | Villager (Male) |
| 21:28 | Create | Villager (Male) |
| 21:43 | Create | Villager (Male) |
| 21:59 | Create | Villager (Male) |
| 22:12 | Build | Palisade Gate |
| 22:14 | Create | Knight |
| 22:21 | Create | Villager (Male) |
| 22:21 | Create | Villager (Male) |
| 22:22 | Create | Villager (Male) |
| 22:22 | Create | Villager (Male) |
| 22:29 | Create | Fishing Ship |
| 22:29 | Create | Fishing Ship |
| 22:30 | Create | Fishing Ship |
| 22:31 | Create | Fishing Ship |
| 22:35 | Create | Villager (Male) |
| 22:36 | Create | Knight |
| 22:55 | Build | Monastery |
| 23:12 | Create | Villager (Male) |
| 23:18 | Create | Knight |
| 23:38 | Create | Knight |
| 23:51 | Create | Knight |
| 23:57 | Create | Fishing Ship |
| 23:58 | Create | Fishing Ship |
| 23:58 | Create | Fishing Ship |
| 23:59 | Create | Fishing Ship |
| 24:04 | Create | Fishing Ship |
| 24:04 | Create | Fishing Ship |
| 24:15 | Create | Knight |
| 24:38 | Research | Wheelbarrow |
| 24:52 | Create | Villager (Male) |
| 24:52 | Create | Villager (Male) |
| 25:03 | Research | Gillnets |
| 25:17 | Build | Mill |
| 25:19 | Create | Villager (Male) |
| 25:37 | Build | House |
Build order — Chim Cu Đi Tắm
First 150 of 320 actions detected
| 0:42 | Build | Town Center |
| 2:00 | Build | Dock |
| 2:56 | Build | House |
| 3:13 | Create | Villager (Male) |
| 3:14 | Create | Villager (Male) |
| 3:14 | Create | Villager (Male) |
| 3:14 | Create | Villager (Male) |
| 4:15 | Create | Fishing Ship |
| 4:15 | Create | Fishing Ship |
| 4:41 | Create | Villager (Male) |
| 4:44 | Build | House |
| 5:30 | Research | Loom |
| 5:38 | Create | Villager (Male) |
| 5:38 | Create | Villager (Male) |
| 5:39 | Research | Loom |
| 5:40 | Research | Loom |
| 5:58 | Create | Fishing Ship |
| 5:58 | Create | Fishing Ship |
| 6:08 | Research | Loom |
| 6:09 | Research | Loom |
| 6:16 | Create | Villager (Male) |
| 6:16 | Create | Villager (Male) |
| 6:39 | Build | House |
| 6:55 | Create | Fishing Ship |
| 6:56 | Create | Fishing Ship |
| 7:03 | Create | Villager (Male) |
| 7:04 | Create | Villager (Male) |
| 7:28 | Create | Villager (Male) |
| 7:29 | Create | Villager (Male) |
| 7:42 | Create | Villager (Male) |
| 7:42 | Create | Villager (Male) |
| 7:45 | Create | Fishing Ship |
| 7:45 | Create | Fishing Ship |
| 8:19 | Create | Villager (Male) |
| 8:22 | Create | Fishing Ship |
| 8:29 | Create | Villager (Male) |
| 8:30 | Create | Villager (Male) |
| 8:32 | Build | House |
| 8:54 | Build | House |
| 8:58 | Create | Villager (Male) |
| 8:59 | Create | Villager (Male) |
| 9:04 | Create | Villager (Male) |
| 9:04 | Create | Villager (Male) |
| 9:05 | Create | Fishing Ship |
| 9:06 | Create | Fishing Ship |
| 9:30 | Create | Villager (Male) |
| 9:30 | Create | Villager (Male) |
| 9:39 | Build | House |
| 9:53 | Build | Mule Cart |
| 10:03 | Create | Villager (Male) |
| 10:03 | Create | Villager (Male) |
| 11:08 | Research | Feudal Age |
| 12:03 | Build | Mill |
| 12:04 | Create | Villager (Male) |
| 12:59 | Create | Villager (Male) |
| 13:18 | Age | Feudal Age |
| 13:21 | Create | Villager (Male) |
| 13:29 | Build | Blacksmith |
| 13:30 | Build | Market |
| 15:02 | Research | Castle Age |
| 15:03 | Research | Castle Age |
| 15:28 | Research | Double-Bit Axe |
| 15:51 | Build | House |
| 15:55 | Create | Villager (Male) |
| 16:25 | Create | Villager (Male) |
| 17:23 | Create | Villager (Male) |
| 17:42 | Age | Castle Age |
| 17:43 | Research | Bow Saw |
| 17:44 | Research | Bow Saw |
| 17:44 | Create | Villager (Male) |
| 17:47 | Build | Monastery |
| 17:56 | Research | Wheelbarrow |
| 18:05 | Build | Stone Wall |
| 18:21 | Create | Villager (Male) |
| 18:29 | Create | Warrior Priest |
| 18:32 | Create | Villager (Male) |
| 18:59 | Build | Castle |
| 19:00 | Create | Villager (Male) |
| 19:08 | Create | Villager (Male) |
| 19:24 | Create | Villager (Male) |
| 19:36 | Create | Villager (Male) |
| 19:53 | Create | Villager (Male) |
| 20:05 | Research | Horse Collar |
| 20:06 | Research | Horse Collar |
| 20:07 | Create | Villager (Male) |
| 20:18 | Create | Villager (Male) |
| 20:20 | Create | Unit 2626 |
| 20:24 | Create | Villager (Male) |
| 20:41 | Create | Villager (Male) |
| 21:00 | Create | Villager (Male) |
| 21:03 | Research | Heavy Plow |
| 21:16 | Build | Town Center |
| 21:23 | Build | Mill |
| 21:23 | Create | Villager (Male) |
| 21:40 | Create | Composite Bowman |
| 21:46 | Create | Villager (Male) |
| 22:08 | Create | Villager (Male) |
| 22:17 | Create | Villager (Male) |
| 22:17 | Create | Villager (Male) |
| 22:18 | Create | Villager (Male) |
| 22:22 | Build | House |
| 22:22 | Create | Villager (Male) |
| 22:40 | Build | House |
| 22:40 | Build | House |
| 22:56 | Build | House |
| 22:59 | Create | Villager (Male) |
| 22:59 | Create | Villager (Male) |
| 23:08 | Create | Villager (Male) |
| 23:09 | Create | Villager (Male) |
| 23:15 | Build | House |
| 23:15 | Create | Villager (Male) |
| 23:16 | Create | Villager (Male) |
| 23:16 | Create | Villager (Male) |
| 23:28 | Create | Villager (Male) |
| 23:29 | Create | Villager (Male) |
| 23:36 | Build | Farm |
| 23:37 | Build | Farm |
| 23:38 | Build | Farm |
| 23:39 | Build | Farm |
| 23:45 | Build | House |
| 23:49 | Create | Villager (Male) |
| 23:50 | Create | Villager (Male) |
| 23:50 | Create | Villager (Male) |
| 23:52 | Build | House |
| 23:57 | Create | Unit 2626 |
| 23:58 | Create | Unit 2626 |
| 23:59 | Create | Villager (Male) |
| 23:59 | Create | Villager (Male) |
| 24:09 | Build | Farm |
| 24:09 | Create | Villager (Male) |
| 24:16 | Create | Villager (Male) |
| 24:16 | Create | Villager (Male) |
| 24:21 | Build | House |
| 24:23 | Create | Villager (Male) |
| 24:23 | Create | Villager (Male) |
| 24:25 | Build | House |
| 24:26 | Create | Villager (Male) |
| 24:41 | Create | Monk |
| 24:46 | Build | House |
| 24:57 | Build | House |
| 25:00 | Build | House |
| 25:11 | Build | House |
| 25:19 | Create | Villager (Male) |
| 25:20 | Create | Villager (Male) |
| 25:24 | Build | Farm |
| 25:25 | Build | Farm |
| 25:26 | Build | Farm |
| 25:27 | Create | Villager (Male) |
| 25:28 | Create | Villager (Male) |
| 25:48 | Build | House |
Build order — ELEOS | Danielsiii
First 150 of 389 actions detected
| 0:09 | Build | Town Center |
| 1:26 | Build | Dock |
| 1:27 | Build | House |
| 2:35 | Create | Villager (Male) |
| 2:35 | Create | Villager (Male) |
| 2:35 | Create | Villager (Male) |
| 2:35 | Create | Villager (Male) |
| 3:43 | Create | Fishing Ship |
| 4:15 | Create | Villager (Male) |
| 4:37 | Create | Villager (Male) |
| 5:03 | Create | Villager (Male) |
| 5:05 | Create | Fishing Ship |
| 5:24 | Create | Villager (Male) |
| 5:39 | Build | House |
| 5:55 | Create | Villager (Male) |
| 6:18 | Create | Fishing Ship |
| 6:23 | Create | Villager (Male) |
| 6:42 | Create | Villager (Male) |
| 7:02 | Create | Villager (Male) |
| 7:04 | Create | Fishing Ship |
| 7:27 | Create | Villager (Male) |
| 7:28 | Create | Fishing Ship |
| 7:45 | Build | House |
| 7:45 | Create | Villager (Male) |
| 8:10 | Build | Dock |
| 8:26 | Create | Villager (Male) |
| 8:29 | Create | Fishing Ship |
| 8:46 | Build | House |
| 8:46 | Create | Villager (Male) |
| 9:01 | Create | Villager (Male) |
| 9:02 | Create | Fishing Ship |
| 9:20 | Create | Villager (Male) |
| 9:36 | Build | Dock |
| 9:40 | Create | Fishing Ship |
| 9:44 | Create | Villager (Male) |
| 9:56 | Create | Villager (Male) |
| 9:58 | Create | Fishing Ship |
| 10:10 | Create | Villager (Male) |
| 10:11 | Create | Fishing Ship |
| 10:32 | Create | Fishing Ship |
| 10:45 | Create | Villager (Male) |
| 10:46 | Create | Fishing Ship |
| 10:59 | Create | Villager (Male) |
| 11:05 | Create | Fishing Ship |
| 11:05 | Create | Fishing Ship |
| 11:09 | Create | Villager (Male) |
| 11:23 | Build | House |
| 11:28 | Build | House |
| 11:31 | Build | Settlement |
| 11:31 | Create | Villager (Male) |
| 11:33 | Build | House |
| 11:45 | Create | Fishing Ship |
| 11:46 | Create | Fishing Ship |
| 12:14 | Create | Fishing Ship |
| 12:15 | Create | Fishing Ship |
| 12:41 | Research | Feudal Age |
| 13:03 | Build | Settlement |
| 13:38 | Build | Dock |
| 13:40 | Create | Villager (Male) |
| 13:40 | Create | Villager (Male) |
| 14:51 | Age | Feudal Age |
| 14:54 | Build | Market |
| 14:55 | Build | Blacksmith |
| 15:00 | Create | Unit 2626 |
| 15:00 | Create | Unit 2626 |
| 15:00 | Create | Unit 2626 |
| 15:08 | Build | House |
| 15:13 | Research | Tech 906 |
| 15:23 | Build | Palisade Wall |
| 15:34 | Create | Fishing Ship |
| 15:34 | Create | Fishing Ship |
| 15:41 | Create | Fire Galley |
| 15:42 | Research | Castle Age |
| 15:54 | Create | Villager (Male) |
| 15:59 | Research | Double-Bit Axe |
| 16:13 | Create | Unit 2626 |
| 16:18 | Research | Gold Mining |
| 16:39 | Build | Palisade Wall |
| 16:44 | Create | Villager (Male) |
| 16:48 | Research | Loom |
| 17:01 | Create | Fire Galley |
| 17:15 | Create | Fire Galley |
| 17:16 | Create | Villager (Male) |
| 17:17 | Create | Villager (Male) |
| 17:27 | Build | House |
| 17:28 | Build | House |
| 17:40 | Build | Dock |
| 18:06 | Create | Fire Galley |
| 18:06 | Create | Fire Galley |
| 18:22 | Age | Castle Age |
| 18:25 | Build | Town Center |
| 18:29 | Research | Bow Saw |
| 18:47 | Research | War Galley (upgrade) |
| 18:47 | Create | Villager (Male) |
| 18:48 | Create | Villager (Male) |
| 18:49 | Create | Villager (Male) |
| 19:17 | Create | Villager (Male) |
| 19:20 | Research | Forging |
| 19:23 | Create | Fire Galley |
| 19:23 | Create | Fire Galley |
| 19:51 | Create | Unit 2626 |
| 19:52 | Create | Unit 2626 |
| 19:52 | Create | Unit 2626 |
| 19:52 | Create | Villager (Male) |
| 19:53 | Create | Villager (Male) |
| 19:53 | Create | Villager (Male) |
| 20:03 | Create | Transport Ship |
| 20:13 | Create | Villager (Male) |
| 20:14 | Create | Villager (Male) |
| 20:21 | Create | Villager (Male) |
| 20:27 | Build | Town Center |
| 20:30 | Create | Villager (Male) |
| 20:43 | Build | Settlement |
| 20:57 | Create | Fire Galley |
| 20:57 | Create | Fire Galley |
| 20:58 | Create | Villager (Male) |
| 21:04 | Create | Villager (Male) |
| 22:08 | Build | House |
| 22:09 | Build | House |
| 22:10 | Create | Unit 2626 |
| 22:11 | Create | Unit 2626 |
| 22:12 | Create | Unit 2626 |
| 22:12 | Create | Unit 2626 |
| 22:12 | Create | Unit 2626 |
| 22:13 | Create | Fire Galley |
| 22:13 | Create | Fire Galley |
| 22:14 | Create | Villager (Male) |
| 22:14 | Create | Villager (Male) |
| 22:21 | Create | Villager (Male) |
| 22:28 | Create | Villager (Male) |
| 22:31 | Build | Settlement |
| 22:35 | Research | Wheelbarrow |
| 22:36 | Research | Town Watch |
| 22:36 | Create | Villager (Male) |
| 22:36 | Create | Villager (Male) |
| 22:37 | Create | Villager (Male) |
| 22:39 | Build | Settlement |
| 22:55 | Create | Villager (Male) |
| 23:16 | Create | Fishing Ship |
| 23:17 | Create | Fishing Ship |
| 23:17 | Create | Fishing Ship |
| 23:17 | Create | Fishing Ship |
| 23:24 | Create | Villager (Male) |
| 23:24 | Create | Villager (Male) |
| 23:34 | Create | Villager (Male) |
| 23:38 | Create | Villager (Male) |
| 23:41 | Build | Settlement |
| 23:43 | Create | Villager (Male) |
| 23:46 | Build | House |
| 23:46 | Build | House |
Build order — murkbey
First 150 of 502 actions detected
| 0:04 | Build | Town Center |
| 0:46 | Build | Dock |
| 0:48 | Build | House |
| 2:27 | Create | Villager (Male) |
| 2:27 | Create | Villager (Male) |
| 2:27 | Create | Villager (Male) |
| 2:28 | Create | Villager (Male) |
| 3:31 | Create | Fishing Ship |
| 3:49 | Create | Villager (Male) |
| 3:57 | Build | House |
| 4:33 | Create | Villager (Male) |
| 5:02 | Create | Villager (Male) |
| 5:10 | Create | Fishing Ship |
| 5:23 | Create | Villager (Male) |
| 5:35 | Build | House |
| 5:47 | Create | Villager (Male) |
| 5:47 | Create | Villager (Male) |
| 6:06 | Create | Fishing Ship |
| 6:06 | Create | Fishing Ship |
| 6:15 | Create | Villager (Male) |
| 6:30 | Build | Palisade Wall |
| 6:34 | Build | Palisade Wall |
| 6:41 | Build | House |
| 6:44 | Build | House |
| 6:48 | Create | Villager (Male) |
| 7:06 | Create | Villager (Male) |
| 7:07 | Create | Fishing Ship |
| 7:10 | Build | House |
| 7:26 | Create | Villager (Male) |
| 7:27 | Create | Fishing Ship |
| 7:48 | Create | Villager (Male) |
| 7:52 | Create | Fishing Ship |
| 8:08 | Create | Villager (Male) |
| 8:08 | Create | Villager (Male) |
| 8:12 | Build | House |
| 8:33 | Create | Villager (Male) |
| 8:42 | Create | Fishing Ship |
| 8:51 | Create | Villager (Male) |
| 8:51 | Create | Villager (Male) |
| 8:51 | Create | Villager (Male) |
| 9:10 | Build | Dock |
| 9:37 | Build | Lumber Camp |
| 9:50 | Create | Villager (Male) |
| 10:03 | Create | Villager (Male) |
| 10:08 | Build | House |
| 10:11 | Create | Fishing Ship |
| 10:25 | Create | Fishing Ship |
| 10:40 | Research | Feudal Age |
| 11:02 | Create | Fishing Ship |
| 11:03 | Create | Fishing Ship |
| 11:10 | Build | House |
| 11:13 | Create | Villager (Male) |
| 11:26 | Build | Mill |
| 12:27 | Build | Mining Camp |
| 12:33 | Create | Villager (Male) |
| 12:36 | Create | Fishing Ship |
| 12:36 | Create | Fishing Ship |
| 12:50 | Age | Feudal Age |
| 12:54 | Build | Market |
| 13:15 | Build | Blacksmith |
| 13:22 | Create | Villager (Male) |
| 14:05 | Research | Castle Age |
| 14:16 | Build | Stone Wall |
| 14:25 | Build | House |
| 14:32 | Build | Gate |
| 14:34 | Build | Stone Wall |
| 14:44 | Build | Stone Wall |
| 14:52 | Build | Mining Camp |
| 15:11 | Research | Double-Bit Axe |
| 15:12 | Research | Gold Mining |
| 15:30 | Create | Villager (Male) |
| 16:16 | Research | Horse Collar |
| 16:29 | Build | Stone Wall |
| 16:45 | Age | Castle Age |
| 16:46 | Build | Town Center |
| 16:48 | Research | Bow Saw |
| 16:49 | Create | Villager (Male) |
| 17:17 | Build | Gate |
| 17:19 | Build | Stone Wall |
| 17:20 | Build | Stone Wall |
| 17:24 | Create | Villager (Male) |
| 17:39 | Create | Villager (Male) |
| 17:53 | Build | House |
| 17:59 | Build | Town Center |
| 18:00 | Create | Villager (Male) |
| 18:01 | Research | Town Watch |
| 18:17 | Create | Villager (Male) |
| 18:18 | Create | Villager (Male) |
| 18:20 | Build | House |
| 18:22 | Create | Villager (Male) |
| 18:32 | Build | Siege Workshop |
| 18:34 | Create | Villager (Male) |
| 18:38 | Build | House |
| 18:40 | Research | Tech 906 |
| 18:42 | Create | Villager (Male) |
| 18:53 | Research | Wheelbarrow |
| 18:56 | Research | Wheelbarrow |
| 18:58 | Create | Villager (Male) |
| 19:07 | Create | Villager (Male) |
| 19:15 | Build | Town Center |
| 19:18 | Create | Villager (Male) |
| 19:26 | Create | Villager (Male) |
| 19:35 | Create | Villager (Male) |
| 19:38 | Build | Farm |
| 19:38 | Build | Farm |
| 19:38 | Build | Farm |
| 19:43 | Build | House |
| 19:44 | Create | Villager (Male) |
| 19:58 | Create | Villager (Male) |
| 19:58 | Create | Villager (Male) |
| 19:58 | Create | Villager (Male) |
| 20:06 | Create | Battering Ram |
| 20:20 | Build | Barracks |
| 20:21 | Create | Villager (Male) |
| 20:21 | Create | Villager (Male) |
| 20:25 | Research | Scale Mail Armor |
| 20:39 | Create | Villager (Male) |
| 20:41 | Create | Villager (Male) |
| 20:41 | Create | Villager (Male) |
| 20:49 | Create | Villager (Male) |
| 20:50 | Create | Villager (Male) |
| 20:52 | Create | Battering Ram |
| 20:58 | Create | Villager (Male) |
| 21:01 | Build | Farm |
| 21:02 | Build | Farm |
| 21:02 | Build | Farm |
| 21:23 | Create | Villager (Male) |
| 21:25 | Build | Barracks |
| 21:27 | Create | Spearman |
| 21:27 | Create | Spearman |
| 21:39 | Create | Villager (Male) |
| 21:45 | Build | Farm |
| 21:47 | Build | Farm |
| 21:49 | Create | Villager (Male) |
| 21:49 | Create | Villager (Male) |
| 21:52 | Build | Farm |
| 21:52 | Build | Farm |
| 21:54 | Create | Villager (Male) |
| 21:59 | Research | Pikeman (upgrade) |
| 22:11 | Build | Farm |
| 22:12 | Create | Villager (Male) |
| 22:12 | Create | Villager (Male) |
| 22:17 | Build | Farm |
| 22:17 | Build | Farm |
| 22:17 | Build | Farm |
| 22:19 | Build | Farm |
| 22:21 | Create | Villager (Male) |
| 22:21 | Create | Villager (Male) |
| 22:26 | Create | Spearman |
| 22:31 | Build | House |
Build order — Gutless bandits
First 150 of 332 actions detected
| 0:35 | Build | Town Center |
| 2:44 | Create | Villager (Male) |
| 3:05 | Create | Villager (Male) |
| 3:13 | Create | Villager (Male) |
| 3:31 | Research | Loom |
| 3:31 | Research | Loom |
| 3:32 | Research | Loom |
| 3:32 | Research | Loom |
| 3:46 | Create | Villager (Male) |
| 3:46 | Create | Villager (Male) |
| 3:46 | Create | Villager (Male) |
| 3:46 | Create | Villager (Male) |
| 3:47 | Create | Villager (Male) |
| 4:58 | Build | Dock |
| 5:33 | Create | Villager (Male) |
| 5:34 | Create | Villager (Male) |
| 6:15 | Create | Villager (Male) |
| 6:34 | Create | Fishing Ship |
| 6:46 | Create | Villager (Male) |
| 7:12 | Create | Villager (Male) |
| 7:13 | Create | Fishing Ship |
| 7:55 | Create | Villager (Male) |
| 8:12 | Create | Villager (Male) |
| 8:18 | Create | Fishing Ship |
| 8:24 | Create | Villager (Male) |
| 8:24 | Create | Villager (Male) |
| 8:25 | Create | Villager (Male) |
| 8:25 | Create | Villager (Male) |
| 8:34 | Create | Villager (Male) |
| 9:05 | Create | Villager (Male) |
| 9:12 | Build | Mill |
| 9:16 | Create | Villager (Male) |
| 9:39 | Create | Villager (Male) |
| 9:56 | Create | Villager (Male) |
| 9:59 | Create | Fishing Ship |
| 10:28 | Create | Fishing Ship |
| 10:45 | Create | Villager (Male) |
| 10:53 | Create | Villager (Male) |
| 11:12 | Create | Fishing Ship |
| 11:19 | Create | Villager (Male) |
| 11:27 | Create | Villager (Male) |
| 11:45 | Build | Lumber Camp |
| 12:04 | Create | Fishing Ship |
| 12:31 | Create | Villager (Male) |
| 12:42 | Build | Mining Camp |
| 12:46 | Research | Feudal Age |
| 13:05 | Create | Fishing Ship |
| 13:30 | Build | Palisade Wall |
| 14:17 | Build | Barracks |
| 15:06 | Age | Feudal Age |
| 15:10 | Create | Villager (Male) |
| 15:17 | Build | Blacksmith |
| 15:24 | Create | Villager (Male) |
| 15:50 | Build | Archery Range |
| 15:52 | Create | Villager (Male) |
| 16:04 | Build | Palisade Wall |
| 16:07 | Create | Villager (Male) |
| 16:38 | Research | Double-Bit Axe |
| 16:39 | Research | Double-Bit Axe |
| 16:39 | Research | Double-Bit Axe |
| 16:39 | Research | Double-Bit Axe |
| 16:44 | Research | Castle Age |
| 16:44 | Research | Castle Age |
| 16:45 | Research | Castle Age |
| 16:45 | Research | Castle Age |
| 17:10 | Build | Lumber Camp |
| 17:20 | Research | Fletching |
| 17:20 | Research | Fletching |
| 17:21 | Research | Fletching |
| 17:43 | Build | Archery Range |
| 18:11 | Build | Palisade Wall |
| 18:15 | Build | Palisade Wall |
| 18:18 | Research | Gold Mining |
| 19:09 | Build | Palisade Gate |
| 19:20 | Build | Palisade Wall |
| 19:24 | Age | Castle Age |
| 19:27 | Create | Villager (Male) |
| 19:32 | Build | Town Center |
| 19:34 | Create | Cavalry Archer |
| 19:34 | Create | Cavalry Archer |
| 19:36 | Research | Bodkin Arrow |
| 19:36 | Research | Bodkin Arrow |
| 19:36 | Research | Bodkin Arrow |
| 19:39 | Create | Villager (Male) |
| 19:48 | Research | Wheelbarrow |
| 20:16 | Create | Cavalry Archer |
| 20:16 | Create | Cavalry Archer |
| 20:48 | Create | Cavalry Archer |
| 20:48 | Create | Cavalry Archer |
| 20:50 | Create | Villager (Male) |
| 21:08 | Create | Villager (Male) |
| 21:10 | Research | Padded Archer Armor |
| 21:10 | Research | Padded Archer Armor |
| 21:10 | Research | Padded Archer Armor |
| 21:12 | Create | Cavalry Archer |
| 21:18 | Create | Villager (Male) |
| 21:20 | Create | Villager (Male) |
| 21:27 | Build | Town Center |
| 21:41 | Build | Stone Wall |
| 21:44 | Create | Cavalry Archer |
| 21:45 | Create | Cavalry Archer |
| 21:45 | Create | Villager (Male) |
| 21:46 | Create | Villager (Male) |
| 21:55 | Build | Farm |
| 21:58 | Build | Lumber Camp |
| 22:06 | Build | Gate |
| 22:12 | Create | Villager (Male) |
| 22:12 | Create | Villager (Male) |
| 22:16 | Create | Cavalry Archer |
| 22:17 | Create | Cavalry Archer |
| 22:17 | Create | Villager (Male) |
| 22:38 | Create | Villager (Male) |
| 22:42 | Build | Farm |
| 22:43 | Build | Farm |
| 22:44 | Build | Farm |
| 22:51 | Create | Cavalry Archer |
| 22:51 | Create | Cavalry Archer |
| 22:52 | Create | Villager (Male) |
| 22:53 | Create | Villager (Male) |
| 22:53 | Create | Villager (Male) |
| 23:10 | Create | Villager (Male) |
| 23:26 | Build | Stable |
| 23:29 | Create | Cavalry Archer |
| 23:30 | Create | Cavalry Archer |
| 23:30 | Create | Villager (Male) |
| 23:31 | Create | Villager (Male) |
| 23:31 | Create | Villager (Male) |
| 23:38 | Create | Villager (Male) |
| 23:38 | Create | Villager (Male) |
| 23:43 | Build | Farm |
| 23:48 | Create | Cavalry Archer |
| 23:48 | Create | Cavalry Archer |
| 24:05 | Create | Villager (Male) |
| 24:07 | Create | Villager (Male) |
| 24:16 | Research | Horse Collar |
| 24:16 | Research | Horse Collar |
| 24:18 | Create | Cavalry Archer |
| 24:18 | Create | Cavalry Archer |
| 24:20 | Create | Villager (Male) |
| 24:20 | Create | Villager (Male) |
| 24:30 | Build | Gate |
| 24:33 | Build | Stone Wall |
| 24:41 | Build | Archery Range |
| 24:47 | Research | Bloodlines |
| 24:47 | Research | Bloodlines |
| 24:48 | Research | Bloodlines |
| 24:53 | Create | Cavalry Archer |
| 24:54 | Create | Cavalry Archer |
| 25:00 | Build | Farm |
| 25:10 | Create | Villager (Male) |
Build order — OS | dreamerion92
First 150 of 384 actions detected
| 0:03 | Build | Town Center |
| 2:05 | Build | House |
| 2:25 | Create | Villager (Male) |
| 2:25 | Create | Villager (Male) |
| 2:26 | Create | Villager (Male) |
| 2:26 | Create | Villager (Male) |
| 2:26 | Create | Villager (Male) |
| 2:59 | Build | Dock |
| 3:46 | Build | Dock |
| 4:09 | Create | Villager (Male) |
| 4:14 | Build | House |
| 4:38 | Create | Villager (Male) |
| 4:56 | Create | Fishing Ship |
| 5:07 | Create | Villager (Male) |
| 5:38 | Create | Villager (Male) |
| 5:53 | Build | House |
| 6:08 | Create | Villager (Male) |
| 6:09 | Create | Fishing Ship |
| 6:41 | Create | Villager (Male) |
| 6:53 | Create | Fishing Ship |
| 7:04 | Build | House |
| 7:11 | Create | Villager (Male) |
| 7:34 | Create | Fishing Ship |
| 7:43 | Create | Villager (Male) |
| 7:51 | Create | Villager (Male) |
| 8:15 | Build | Lumber Camp |
| 8:23 | Create | Fishing Ship |
| 8:39 | Create | Villager (Male) |
| 8:40 | Create | Villager (Male) |
| 9:00 | Create | Villager (Male) |
| 9:12 | Build | House |
| 9:21 | Create | Villager (Male) |
| 9:25 | Create | Fishing Ship |
| 9:42 | Build | Dock |
| 9:57 | Create | Villager (Male) |
| 10:05 | Build | House |
| 10:13 | Create | Villager (Male) |
| 10:16 | Create | Fishing Ship |
| 10:17 | Create | Fishing Ship |
| 10:31 | Create | Villager (Male) |
| 10:56 | Create | Fishing Ship |
| 10:56 | Create | Fishing Ship |
| 10:59 | Create | Fishing Ship |
| 11:04 | Create | Villager (Male) |
| 11:09 | Create | Villager (Male) |
| 11:27 | Create | Fishing Ship |
| 11:34 | Build | House |
| 11:47 | Build | Mining Camp |
| 12:13 | Build | House |
| 12:17 | Build | Palisade Wall |
| 12:18 | Research | Feudal Age |
| 12:26 | Create | Villager (Male) |
| 12:33 | Create | Fishing Ship |
| 12:35 | Create | Fishing Ship |
| 12:35 | Create | Fishing Ship |
| 13:10 | Build | House |
| 13:12 | Build | Palisade Wall |
| 13:24 | Create | Fishing Ship |
| 13:59 | Create | Fishing Ship |
| 14:03 | Build | House |
| 14:13 | Build | Palisade Wall |
| 14:23 | Research | Loom |
| 14:28 | Age | Feudal Age |
| 14:32 | Build | Stone Wall |
| 14:33 | Build | Mill |
| 14:40 | Create | Villager (Male) |
| 14:40 | Research | Loom |
| 14:42 | Research | Double-Bit Axe |
| 14:57 | Build | Market |
| 15:02 | Build | Blacksmith |
| 15:04 | Build | House |
| 15:24 | Research | Tech 906 |
| 15:48 | Research | Castle Age |
| 15:52 | Create | Galley |
| 16:05 | Build | Dock |
| 16:10 | Create | Villager (Male) |
| 16:19 | Build | House |
| 16:21 | Research | Gold Mining |
| 16:23 | Research | Fletching |
| 16:31 | Create | Galley |
| 16:45 | Build | House |
| 16:47 | Build | Palisade Wall |
| 16:52 | Create | Villager (Male) |
| 16:54 | Create | Galley |
| 17:11 | Create | Galley |
| 17:13 | Create | Villager (Male) |
| 17:25 | Create | Galley |
| 17:29 | Create | Villager (Male) |
| 17:36 | Create | Galley |
| 17:38 | Create | Villager (Male) |
| 17:55 | Build | House |
| 18:02 | Create | Galley |
| 18:06 | Create | Villager (Male) |
| 18:19 | Create | Galley |
| 18:28 | Age | Castle Age |
| 18:29 | Create | Galley |
| 18:34 | Research | War Galley (upgrade) |
| 18:41 | Research | Bodkin Arrow |
| 18:46 | Create | Unit 2626 |
| 18:50 | Create | Villager (Male) |
| 18:55 | Create | Villager (Male) |
| 19:05 | Create | Villager (Male) |
| 19:09 | Create | Villager (Male) |
| 19:20 | Build | Town Center |
| 19:27 | Build | Palisade Wall |
| 19:29 | Build | Palisade Wall |
| 19:31 | Build | Palisade Wall |
| 19:33 | Build | Palisade Wall |
| 19:34 | Build | Palisade Wall |
| 19:36 | Build | Palisade Wall |
| 19:38 | Build | Palisade Wall |
| 19:44 | Create | Villager (Male) |
| 19:45 | Create | Villager (Male) |
| 19:52 | Create | Galley |
| 19:52 | Create | Galley |
| 19:54 | Create | Villager (Male) |
| 20:00 | Create | Villager (Male) |
| 20:03 | Create | Villager (Male) |
| 20:04 | Create | Villager (Male) |
| 20:07 | Create | Galley |
| 20:14 | Create | Villager (Male) |
| 20:18 | Create | Villager (Male) |
| 20:25 | Build | Mining Camp |
| 20:26 | Create | Villager (Male) |
| 20:47 | Create | Villager (Male) |
| 20:47 | Create | Villager (Male) |
| 20:50 | Build | University |
| 20:51 | Create | Villager (Male) |
| 20:58 | Create | Unit 2626 |
| 21:04 | Create | Villager (Male) |
| 21:05 | Create | Villager (Male) |
| 21:09 | Create | Villager (Male) |
| 21:19 | Create | Villager (Male) |
| 21:23 | Build | Monastery |
| 21:33 | Create | Villager (Male) |
| 21:54 | Create | Unit 2626 |
| 21:54 | Create | Unit 2626 |
| 21:55 | Create | Unit 2626 |
| 21:56 | Create | Villager (Male) |
| 22:03 | Build | Palisade Wall |
| 22:06 | Create | Monk |
| 22:08 | Create | Villager (Male) |
| 22:08 | Create | Villager (Male) |
| 22:09 | Create | Villager (Male) |
| 22:13 | Create | Villager (Male) |
| 22:19 | Create | Villager (Male) |
| 22:39 | Create | Galley |
| 22:50 | Create | Villager (Male) |
| 23:02 | Research | Ballistics |
| 23:04 | Create | Unit 2626 |
Build order — Dovecar
First 150 of 446 actions detected
| 0:08 | Build | Town Center |
| 0:44 | Build | Dock |
| 0:53 | Build | House |
| 2:29 | Create | Villager (Male) |
| 2:29 | Create | Villager (Male) |
| 2:29 | Create | Villager (Male) |
| 2:29 | Create | Villager (Male) |
| 3:06 | Create | Villager (Male) |
| 3:06 | Create | Villager (Male) |
| 3:27 | Create | Fishing Ship |
| 4:16 | Build | House |
| 4:27 | Create | Villager (Male) |
| 4:54 | Create | Fishing Ship |
| 4:55 | Create | Villager (Male) |
| 5:16 | Create | Villager (Male) |
| 5:39 | Build | House |
| 5:40 | Create | Villager (Male) |
| 5:48 | Create | Fishing Ship |
| 6:10 | Create | Villager (Male) |
| 6:26 | Create | Villager (Male) |
| 6:37 | Create | Fishing Ship |
| 6:53 | Create | Villager (Male) |
| 6:58 | Build | House |
| 7:05 | Create | Villager (Male) |
| 7:14 | Create | Villager (Male) |
| 7:16 | Build | House |
| 7:17 | Create | Fishing Ship |
| 7:31 | Create | Villager (Male) |
| 7:50 | Create | Fishing Ship |
| 7:59 | Build | House |
| 8:18 | Create | Fishing Ship |
| 8:20 | Build | House |
| 8:21 | Create | Villager (Male) |
| 8:25 | Create | Villager (Male) |
| 8:45 | Build | Lumber Camp |
| 8:45 | Create | Villager (Male) |
| 9:20 | Create | Fishing Ship |
| 9:27 | Create | Villager (Male) |
| 9:46 | Build | Mining Camp |
| 9:50 | Create | Fishing Ship |
| 9:53 | Create | Villager (Male) |
| 9:54 | Create | Villager (Male) |
| 10:21 | Build | Palisade Wall |
| 10:31 | Build | Dock |
| 10:46 | Create | Fishing Ship |
| 11:07 | Build | House |
| 11:11 | Research | Feudal Age |
| 11:14 | Create | Fishing Ship |
| 11:30 | Create | Fishing Ship |
| 11:38 | Build | Mill |
| 11:47 | Build | House |
| 11:57 | Create | Fishing Ship |
| 11:59 | Create | Villager (Male) |
| 11:59 | Create | Villager (Male) |
| 12:07 | Create | Fishing Ship |
| 12:40 | Create | Fishing Ship |
| 13:24 | Age | Feudal Age |
| 13:26 | Build | Market |
| 13:28 | Build | Blacksmith |
| 13:31 | Create | Villager (Male) |
| 13:39 | Build | House |
| 13:40 | Build | Palisade Wall |
| 13:45 | Build | House |
| 13:46 | Build | Palisade Wall |
| 13:47 | Build | Palisade Wall |
| 14:02 | Build | Mining Camp |
| 14:16 | Research | Castle Age |
| 14:25 | Research | Tech 906 |
| 14:25 | Research | Tech 906 |
| 14:58 | Research | Double-Bit Axe |
| 15:12 | Create | Fishing Ship |
| 15:31 | Research | Forging |
| 15:33 | Research | Scale Mail Armor |
| 15:37 | Create | Fishing Ship |
| 16:00 | Research | Loom |
| 16:10 | Build | Dock |
| 16:22 | Research | Forging |
| 16:27 | Research | Gold Mining |
| 16:30 | Create | Villager (Male) |
| 16:56 | Age | Castle Age |
| 17:12 | Build | Castle |
| 17:18 | Create | Villager (Male) |
| 17:35 | Create | Villager (Male) |
| 17:37 | Research | Chain Mail Armor |
| 17:39 | Research | Bow Saw |
| 17:49 | Research | Gillnets |
| 18:13 | Create | Villager (Male) |
| 18:18 | Create | Ghulam |
| 18:18 | Create | Ghulam |
| 18:19 | Create | Ghulam |
| 18:19 | Create | Ghulam |
| 18:33 | Create | Fishing Ship |
| 18:35 | Create | Fishing Ship |
| 18:35 | Create | Fishing Ship |
| 18:47 | Create | Ghulam |
| 18:56 | Create | Ghulam |
| 18:59 | Create | Villager (Male) |
| 19:20 | Create | Ghulam |
| 19:22 | Research | Iron Casting |
| 19:35 | Build | Town Center |
| 19:38 | Create | Ghulam |
| 19:44 | Create | Villager (Male) |
| 19:49 | Create | Villager (Male) |
| 19:56 | Create | Fishing Ship |
| 19:56 | Create | Fishing Ship |
| 19:59 | Create | Ghulam |
| 20:06 | Create | Villager (Male) |
| 20:15 | Build | Lumber Camp |
| 20:20 | Build | Outpost |
| 20:20 | Research | Town Watch |
| 20:21 | Create | Villager (Male) |
| 20:23 | Build | Outpost |
| 20:27 | Create | Ghulam |
| 20:27 | Create | Ghulam |
| 20:35 | Create | Fishing Ship |
| 20:35 | Create | Fishing Ship |
| 20:54 | Create | Villager (Male) |
| 21:02 | Create | Ghulam |
| 21:06 | Build | Barracks |
| 21:06 | Create | Villager (Male) |
| 21:08 | Create | Ghulam |
| 21:17 | Create | Ghulam |
| 21:17 | Create | Villager (Male) |
| 21:19 | Build | House |
| 21:25 | Build | Fish Trap |
| 21:28 | Create | Ghulam |
| 21:33 | Build | House |
| 21:34 | Create | Ghulam |
| 21:43 | Create | Villager (Male) |
| 21:48 | Research | Squires |
| 21:48 | Research | Arson |
| 21:49 | Create | Villager (Male) |
| 21:57 | Create | Ghulam |
| 21:58 | Create | Villager (Male) |
| 22:05 | Research | Wheelbarrow |
| 22:16 | Create | Villager (Male) |
| 22:25 | Build | Town Center |
| 22:26 | Create | Fishing Ship |
| 22:27 | Create | Villager (Male) |
| 22:29 | Create | Ghulam |
| 22:31 | Create | Ghulam |
| 22:37 | Build | House |
| 22:39 | Create | Villager (Male) |
| 22:40 | Create | Ghulam |
| 22:53 | Create | Villager (Male) |
| 22:55 | Create | Villager (Male) |
| 22:56 | Build | Fish Trap |
| 23:01 | Build | Fish Trap |
| 23:01 | Build | Fish Trap |
| 23:03 | Create | Villager (Male) |
Match timeline
| 0:35 | QuatschmitSoße · first_building Dock |
| 0:44 | Dovecar · first_building Dock |
| 0:46 | murkbey · first_building Dock |
| 1:14 | Vurbose · first_building Dock |
| 1:26 | ELEOS | Danielsiii · first_building Dock |
| 2:00 | Chim Cu Đi Tắm · first_building Dock |
| 2:59 | OS | dreamerion92 · first_building Dock |
| 4:58 | Gutless bandits · first_building Dock |
| 5:06 | QuatschmitSoße · wall_segment Palisade Wall x1 |
| 5:07 | QuatschmitSoße · wall_segment Palisade Wall x1 |
| 5:07 | QuatschmitSoße · wall_segment Palisade Wall x1 |
| 6:30 | murkbey · wall_segment Palisade Wall x1 |
| 6:34 | murkbey · wall_segment Palisade Wall x1 |
| 6:59 | QuatschmitSoße · wall_segment Palisade Wall x1 |
| 8:26 | QuatschmitSoße · wall_segment Palisade Wall x1 |
| 8:26 | QuatschmitSoße · wall_segment Palisade Wall x1 |
| 8:27 | QuatschmitSoße · wall_segment Palisade Wall x1 |
| 8:27 | QuatschmitSoße · wall_segment Palisade Wall x1 |
| 9:28 | QuatschmitSoße · wall_segment Palisade Wall x8 |
| 10:21 | Dovecar · wall_segment Palisade Wall x1 |
| 10:24 | QuatschmitSoße · wall_segment Palisade Wall x8 |
| 12:08 | QuatschmitSoße · first_building Barracks |
| 12:17 | OS | dreamerion92 · wall_segment Palisade Wall x1 |
| 12:29 | Vurbose · first_building Barracks |
| 12:50 | murkbey · age_up feudal |
| 13:12 | OS | dreamerion92 · wall_segment Palisade Wall x5 |
| 13:13 | QuatschmitSoße · wall_segment Palisade Wall x5 |
| 13:18 | Chim Cu Đi Tắm · age_up feudal |
| 13:24 | Dovecar · age_up feudal |
| 13:30 | Gutless bandits · wall_segment Palisade Wall x8 |
| 13:40 | Dovecar · wall_segment Palisade Wall x4 |
| 13:44 | Vurbose · age_up feudal |
| 13:46 | Dovecar · wall_segment Palisade Wall x5 |
| 13:47 | Dovecar · wall_segment Palisade Wall x1 |
| 13:50 | Vurbose · first_building Stable |
| 14:05 | murkbey · first_market_sell 100 wood |
| 14:13 | OS | dreamerion92 · wall_segment Palisade Wall x5 |
| 14:16 | murkbey · wall_segment Stone Wall x6 |
| 14:17 | Gutless bandits · first_building Barracks |
| 14:25 | QuatschmitSoße · age_up feudal |
| 14:26 | QuatschmitSoße · first_building Stable |
| 14:28 | OS | dreamerion92 · age_up feudal |
| 14:32 | OS | dreamerion92 · wall_segment Stone Wall x3 |
| 14:34 | murkbey · wall_segment Stone Wall x1 |
| 14:44 | murkbey · wall_segment Stone Wall x7 |
| 14:51 | ELEOS | Danielsiii · age_up feudal |
| 15:06 | Gutless bandits · age_up feudal |
| 15:23 | ELEOS | Danielsiii · wall_segment Palisade Wall x6 |
| 15:30 | Vurbose · wall_segment Palisade Wall x1 |
| 15:30 | Vurbose · wall_segment Palisade Wall x1 |
| 15:32 | Vurbose · wall_segment Palisade Wall x10 |
| 15:50 | Gutless bandits · first_building Archery Range |
| 16:04 | Gutless bandits · wall_segment Palisade Wall x13 |
| 16:29 | murkbey · wall_segment Stone Wall x1 |
| 16:39 | ELEOS | Danielsiii · wall_segment Palisade Wall x8 |
| 16:43 | Vurbose · wall_segment Palisade Wall x5 |
| 16:45 | murkbey · age_up castle |
| 16:47 | OS | dreamerion92 · wall_segment Palisade Wall x5 |
| 16:56 | Dovecar · age_up castle |
| 17:12 | Dovecar · first_building Castle |
| 17:17 | QuatschmitSoße · wall_segment Palisade Wall x6 |
| 17:19 | murkbey · wall_segment Stone Wall x1 |
| 17:20 | murkbey · wall_segment Stone Wall x1 |
| 17:20 | Vurbose · age_up castle |
| 17:42 | Chim Cu Đi Tắm · age_up castle |
| 17:47 | Chim Cu Đi Tắm · first_building Monastery |
| 17:55 | QuatschmitSoße · age_up castle |
| 18:05 | Chim Cu Đi Tắm · wall_segment Stone Wall x6 |
| 18:11 | Gutless bandits · wall_segment Palisade Wall x3 |
| 18:15 | Gutless bandits · wall_segment Palisade Wall x9 |
| 18:22 | ELEOS | Danielsiii · age_up castle |
| 18:28 | OS | dreamerion92 · age_up castle |
| 18:32 | murkbey · first_building Siege Workshop |
| 18:51 | ELEOS | Danielsiii · first_market_sell 100 food |
| 18:59 | Chim Cu Đi Tắm · first_building Castle |
| 19:15 | OS | dreamerion92 · first_market_sell 100 food |
| 19:16 | OS | dreamerion92 · first_market_buy 100 wood |
| 19:20 | Gutless bandits · wall_segment Palisade Wall x1 |
| 19:24 | Gutless bandits · age_up castle |
| 19:27 | OS | dreamerion92 · wall_segment Palisade Wall x1 |
| 19:29 | OS | dreamerion92 · wall_segment Palisade Wall x1 |
| 19:31 | OS | dreamerion92 · wall_segment Palisade Wall x1 |
| 19:33 | OS | dreamerion92 · wall_segment Palisade Wall x1 |
| 19:34 | OS | dreamerion92 · wall_segment Palisade Wall x1 |
| 19:36 | OS | dreamerion92 · wall_segment Palisade Wall x1 |
| 19:38 | OS | dreamerion92 · wall_segment Palisade Wall x1 |
| 20:20 | murkbey · first_building Barracks |
| 20:32 | Chim Cu Đi Tắm · first_market_sell 100 wood |
| 21:06 | Dovecar · first_building Barracks |
| 21:10 | QuatschmitSoße · wall_segment Palisade Wall x1 |
| 21:12 | QuatschmitSoße · wall_segment Palisade Wall x1 |
| 21:12 | Chim Cu Đi Tắm · first_market_buy 100 stone |
| 21:14 | QuatschmitSoße · wall_segment Palisade Wall x1 |
| 21:22 | QuatschmitSoße · wall_segment Palisade Wall x1 |
| 21:23 | OS | dreamerion92 · first_building Monastery |
| 21:41 | Gutless bandits · wall_segment Stone Wall x9 |
| 22:03 | OS | dreamerion92 · wall_segment Palisade Wall x1 |
| 22:55 | QuatschmitSoße · first_building Monastery |
| 23:26 | Gutless bandits · first_building Stable |
| 24:17 | Dovecar · first_market_sell 100 food |
| 24:33 | Gutless bandits · wall_segment Stone Wall x3 |
| 24:43 | Vurbose · first_market_buy 100 stone |
| 25:11 | murkbey · wall_segment Palisade Wall x1 |
| 25:21 | murkbey · wall_segment Palisade Wall x1 |
| 25:28 | murkbey · wall_segment Palisade Wall x1 |
| 25:38 | QuatschmitSoße · wall_segment Palisade Wall x1 |
| 25:38 | QuatschmitSoße · wall_segment Palisade Wall x1 |
| 25:42 | Vurbose · first_building Monastery |
| 25:52 | murkbey · first_building Castle |
| 27:12 | Dovecar · first_building Stable |
| 27:21 | Vurbose · first_market_sell 100 food |
| 27:57 | ELEOS | Danielsiii · first_building Barracks |
| 28:06 | Gutless bandits · first_building Castle |
| 28:12 | ELEOS | Danielsiii · first_building Siege Workshop |
| 28:26 | ELEOS | Danielsiii · first_building Castle |
| 29:03 | Gutless bandits · wall_segment Stone Wall x8 |
| 29:51 | Gutless bandits · first_building Siege Workshop |
| 30:12 | Gutless bandits · wall_segment Stone Wall x8 |
| 30:16 | Gutless bandits · wall_segment Stone Wall x9 |
| 30:18 | Gutless bandits · wall_segment Stone Wall x5 |
| 30:25 | Dovecar · age_up imperial |
| 30:36 | murkbey · wall_segment Stone Wall x3 |
| 30:37 | murkbey · wall_segment Stone Wall x1 |
| 31:47 | Dovecar · first_market_buy 100 food |
| 32:08 | ELEOS | Danielsiii · age_up imperial |
| 32:17 | Chim Cu Đi Tắm · age_up imperial |
| 32:19 | OS | dreamerion92 · first_building Barracks |
| 32:24 | Vurbose · wall_segment Stone Wall x1 |
| 32:25 | Vurbose · wall_segment Stone Wall x10 |
| 32:50 | Vurbose · wall_segment Stone Wall x13 |
| 32:52 | Gutless bandits · age_up imperial |
| 32:52 | Vurbose · wall_segment Stone Wall x1 |
| 32:55 | Chim Cu Đi Tắm · first_building Barracks |
| 33:09 | murkbey · age_up imperial |
| 33:31 | Chim Cu Đi Tắm · first_building Siege Workshop |
| 33:38 | OS | dreamerion92 · first_building Stable |
| 33:51 | murkbey · first_market_buy 100 wood |
| 35:06 | ELEOS | Danielsiii · wall_segment Stone Wall x4 |
| 35:19 | murkbey · wall_segment Palisade Wall x1 |
| 35:28 | ELEOS | Danielsiii · wall_segment Stone Wall x1 |
| 35:35 | ELEOS | Danielsiii · wall_segment Stone Wall x1 |
| 35:37 | ELEOS | Danielsiii · wall_segment Stone Wall x1 |
| 35:40 | ELEOS | Danielsiii · wall_segment Stone Wall x1 |
| 35:41 | ELEOS | Danielsiii · wall_segment Stone Wall x1 |
| 35:59 | OS | dreamerion92 · age_up imperial |
| 38:36 | Gutless bandits · wall_segment Stone Wall x5 |
| 38:38 | QuatschmitSoße · resign |
[ AI ANALYSIS · 1 CREDIT ]
What really happened in this match?
Wolo.gg analyzes every decision: build order, eco, micro, common mistakes by bracket. Personalized analysis on WhatsApp or Discord in 30 seconds.
Civ guide
Franks
Perfil
Jugador #252645